 Dungeon Crawl Stone Soup version 0.29.1-15-g9cfb28693d (webtiles) character file.

Game seed: 1569566023332336794

1401 javelincjr the Magician (level 8, -1/46 HPs)
             Began as a Deep Elf Conjurer on Mar 14, 2023.
             Slain by a small abomination (18 damage)
             ... on level 1 of the Abyss.
             The game lasted 00:30:27 (7085 turns).

javelincjr the Magician (Deep Elf Conjurer)         Turns: 7085, Time: 00:30:28

Health: -1/46      AC:  8    Str:  6    XL:     8   Next: 41%
Magic:  25/29      EV: 10    Int: 24    God:
Gold:   154        SH:  5    Dex: 13    Spells: 16/21 levels left

rFire   + . .      SeeInvis .   t - +10 trident "Botem" {drain, rF+}
rCold   . . .      Faith    .   (no shield)
rNeg    . . .      Spirit   .   C - +2 ring mail {Will+}
rPois   +          Reflect  +   D - +0 helmet
rElec   .          Harm     .   o - scarf {shadows}
rCorr   .          Rampage  .   (no gloves)
Will    +....                   (no boots)
Stlth   ++........              i - amulet of reflection
HPRegen 0.15/turn               y - ring of poison resistance
MPRegen 0.21/turn               q - ring of magical power

@: no status effects
A: no striking features
a: no special abilities


You were on level 1 of the Abyss.
You visited 1 branch of the dungeon, and saw 6 of its levels.
You visited the Abyss 1 time.
You also visited: Sewer.

You collected 413 gold pieces.
You spent 259 gold pieces at shops.

Inventory:

Hand Weapons
 c - a +0 short sword
 d - a +0 falchion
 h - a +3 short sword
 k - a +3 whip of draining
 n - a +0 triple sword
 t - the +10 trident "Botem" (weapon) {drain, rF+}
   (You bought it in a shop on level 3 of the Dungeon)

   A truly terrible weapon, it drains the life of any living foe it strikes.
   rF:        It protects you from fire.
Armour
 a - a +0 robe
 o - a scarf of shadows (worn)
 C - a +2 ring mail of willpower (worn)
 D - a +0 helmet (worn)
Jewellery
 i - an amulet of reflection (around neck)
 m - a ring of positive energy
 q - a ring of magical power (right hand)
 y - a ring of poison resistance (left hand)
 E - a ring of resist corrosion
 H - a ring of willpower
 L - a +4 ring of protection
Wands
 A - a wand of polymorph (5)
 F - a wand of flame (10)
 N - a wand of mindburst (20)
Scrolls
 s - 3 scrolls of teleportation
 v - a scroll of amnesia
 x - 2 scrolls of magic mapping
 z - a scroll of fear
 G - a scroll of silence {unknown}
 M - a scroll of poison
Potions
 b - 2 potions of magic
 e - 5 potions of curing
 f - 2 potions of haste {unknown}
 j - 2 potions of brilliance {unknown}
 l - a potion of lignification {unknown}
 r - 5 potions of flight
 u - a potion of degeneration {unknown}
 w - 2 potions of mutation {unknown}
 B - a potion of attraction {unknown}
 I - a potion of ambrosia {unknown}
 J - a potion of cancellation {unknown}
 K - a potion of resistance {unknown}


   Skills:
 * Level 3.4 Fighting
 + Level 1.4 Polearms
 + Level 1.6 Armour
 + Level 5.0 Dodging
 + Level 5.3 Stealth
 * Level 7.0 Spellcasting
 + Level 6.1 Conjurations
 + Level 2.6 Hexes
 + Level 2.0 Fire Magic


You had 16 spell levels left.
You knew the following spells:

 Your Spells              Type           Power      Damage    Failure   Level
a - Magic Dart            Conj           100%       1d8       2%          1
b - Foxfire               Conj/Fire      100%       2x1d9     4%          1
c - Searing Ray           Conj           74%        2d7       3%          2
d - Slow                  Hex            84%        N/A       9%          1

Your spell library contained the following spells:

 Spells                   Type           Power      Damage    Failure   Level
 Dazzling Flash           Conj/Hex       58%        N/A       14%         3
 Conjure Flame            Conj/Fire      28%        6-21      16%         3
 Confusing Touch          Hex            21%        N/A       26%         3
 Inner Flame              Hex/Fire       19%        N/A       30%         3
 Fulminant Prism          Conj/Hex       14%        3d9       41%         4
 Flame Wave               Conj/Fire      28%        2d9       45%         4
 Iskenderun's Mystic Bla  Conj/Tloc      23%        2d6       61%         4
 Gell's Gravitas          Tloc           8%         N/A       63%         3
 Lesser Beckoning         Tloc           8%         N/A       63%         3
 Teleport Other           Tloc           8%         N/A       63%         3
 Vampiric Draining        Necr           8%         2d6       63%         3
 Anguish                  Hex/Necr       7%         N/A       83%         4
 Enfeeble                 Hex            10%        N/A       100%        7


Dungeon Overview and Level Annotations

Branches:
Dungeon (6/15)              Sewer (visited)
 Temple: D:4-7

Altars:
Fedhas
The Shining One

Shops:
D:3 !*((


Message History

The small abomination is lightly damaged.
Casting: Foxfire (safe; 4% risk of failure)
Confirm with . or Enter, or press ? or * to list all spells.
You conjure some foxfire!
Casting: Foxfire (safe; 4% risk of failure)
Confirm with . or Enter, or press ? or * to list all spells.
You conjure some foxfire!
The foxfire hits the small abomination but does no damage.
The small abomination is lightly damaged.
A small abomination comes into view.
The foxfire hits the small abomination.
The small abomination is lightly damaged.
The foxfire hits the small abomination.
The small abomination is lightly damaged.
The foxfire hits the small abomination.
The small abomination is moderately damaged.
You reach to attack!
You hit the small abomination.
The small abomination is heavily damaged.
The small abomination hits you but does no damage.
You closely miss the small abomination.
The small abomination is heavily damaged.
The small abomination hits you but does no damage.
You barely miss the small abomination.
The small abomination is heavily damaged.
The small abomination hits you!
The small abomination hits you but does no damage.
Your magical contamination has completely faded away.
You hit the small abomination.
The small abomination is heavily damaged.
The small abomination hits you but does no damage.
Okay, then.
Casting: Foxfire (safe; 4% risk of failure)
Confirm with . or Enter, or press ? or * to list all spells.
Aiming: Slow (safe; 9% risk of failure)
Press: ? - help, Shift-Dir - straight line, f/p - small abomination
Aim: a small abomination (heavily damaged, chance to affect: 43%)
The small abomination seems to slow down.
An efreet comes into view.
It is wielding a +3 scimitar of flaming.
The small abomination hits you!!
You die...

... #......#
...##......##.
..............
..............
............R☼
.............
......@x......
......x.......
...##......##.
..............
.............
.............
#......##.....
#... ..# ....


You could see an efreet (wandering) and 2 small abominations.

Vanquished Creatures
  Sigmund (D:4)
  A centaur (D:6)
  2 kobold brigands
  A necrophage (D:5)
  2 scorpions (D:4)
  2 small abominations (Abyss:1)
  A gnoll bouda (D:4)
  A hound (D:6)
  7 iguanas
  4 orc wizards
  A merfolk siren (Sewer)
  A merfolk avatar (Sewer)
  7 gnolls (D:4)
  A river rat (D:3)
  9 adders
  A white imp (D:6)
  An ufetubus (D:5)
  4 worms
  3 dart slugs
  7 orcs
  5 bats
  5 endoplasms
  8 giant cockroaches
  12 goblins
  6 hobgoblins
  13 kobolds
  7 quokkas
  11 ball pythons
  12 frilled lizards
  25 rats
161 creatures vanquished.

Vanquished Creatures (others)
  321 foxfires
321 creatures vanquished.

Grand Total: 482 creatures vanquished

Notes
Turn   | Place    | Note
-------+----------+-------------------------------------------
     0 | D:1      | javelincjr the Deep Elf Conjurer began the quest for the
                  | Orb.
     0 | D:1      | Reached XP level 1. HP: 10/10 MP: 6/6
   187 | D:1      | Reached XP level 2. HP: 15/15 MP: 2/8
   752 | D:1      | Reached XP level 3. HP: 19/19 MP: 8/10
  1901 | D:2      | Reached XP level 4. HP: 24/24 MP: 6/11
  2617 | D:3      | Reached skill level 5 in Conjurations
  2655 | D:3      | Reached skill level 4 in Spellcasting
  2656 | D:3      | Found Qicac's Distillery.
  2670 | D:3      | Reached skill level 1 in Fighting
  2670 | D:3      | Reached XP level 5. HP: 7/29 MP: 3/13
  2673 | D:3      | Bought a potion of heal wounds for 55 gold pieces
  2686 | D:3      | Found a glowing golden altar of the Shining One.
  2814 | D:3      | Learned a level 1 spell: Foxfire
  2860 | D:3      | Found Lohorchuu's Antique Weapon Boutique.
  2886 | D:3      | Found Gameq's Weapon Emporium.
  2941 | D:3      | Found a glowing drain.
  2950 | Sewer    | Entered a sewer
  3245 | Sewer    | Learned a level 2 spell: Searing Ray
  3857 | D:3      | Reached skill level 5 in Spellcasting
  3857 | D:3      | Reached XP level 6. HP: 35/35 MP: 15/15
  3931 | D:3      | Found Uqorch's Assorted Antiques.
  3937 | D:3      | Bought a shimmering trident for 204 gold pieces
  3937 | D:3      | Identified the +10 trident "Botem" {drain, rF+} (You bought
                  | it in a shop on level 3 of the Dungeon)
  4244 | D:3      | Learned a level 1 spell: Slow
  4608 | D:4      | Reached XP level 7. HP: 32/40 MP: 14/17
  4768 | D:4      | Reached skill level 1 in Hexes
  4774 | D:4      | Noticed Sigmund
  4912 | D:4      | Killed Sigmund
  4913 | D:4      | Reached skill level 6 in Spellcasting
  4913 | D:4      | Reached skill level 1 in Fire Magic
  5091 | D:4      | Reached skill level 1 in Armour
  5459 | D:4      | Found a blossoming altar of Fedhas.
  5814 | D:5      | Entered Level 5 of the Dungeon
  5846 | D:5      | Reached skill level 1 in Polearms
  5846 | D:5      | Reached skill level 5 in Stealth
  6297 | D:5      | Reached XP level 8. HP: 46/46 MP: 19/19
  6857 | Abyss:1  | Cast into level 1 of the Abyss (orc)
  6935 | Abyss:1  | Noticed a thrashing horror
  7047 | Abyss:1  | Reached skill level 5 in Dodging
  7047 | Abyss:1  | Reached skill level 7 in Spellcasting
  7085 | Abyss:1  | Noticed an efreet
  7085 | Abyss:1  | Slain by a small abomination

Illustrated notes

Levels and vault maps discovered:
D:1:      co_arrival_square_in_a_square_in_a_square, layout_basic,
          minmay_indecisive_spiral
D:2:      layout_loops_corners
D:3:      layout_basic, tso_altar, portal_sewer_entry_e, serial_shops,
          nicolae_shop_stone, nicolae_square_shop, shop, shop, minivault_5
D:4:      layout_basic, fedhas_ov_isle_minmay, minmay_misc_feat_four_crosses,
          minivault_25, serial_park_tiny_2, uniq_sigmund
D:5:      layout_basic, water_maze_lemuel
D:6:      cheibrodos_fzero, layout_loops_ring, dk_vineyard_3, uniq_edmund
Abyss:1:  base: D:5, base:
D:4

Skill      XL: |  1  2  3  4  5  6  7  8 |
---------------+-------------------------+-----
Stealth        | 3 4 5 |  5.3
Dodging        | 3 4 5 |  5.0
Conjurations   | 5 6 |  6.1
Spellcasting   | 4 5 6 7 |  7.0
Fighting       | 1 2 3 |  3.4
Hexes          | 2 |  2.6
Fire Magic     | 1 2 |  2.0
Armour         | 1 |  1.6
Polearms       | 1 |  1.4

Action                   |  1- 3 |  4- 6 |  7- 9 || total
-------------------------+-------+-------+-------++-------
Melee: Short sword       |     2 |    13 |       ||    15
       Trident           |       |    22 |    44 ||    66
 Cast: Magic Dart        |    81 |    47 |       ||   128
       Foxfire           |       |   105 |    85 ||   190
       Slow              |       |     1 |     2 ||     3
  Use: Scroll            |     1 |       |     7 ||     8
       Potion            |       |       |     1 ||     1
 Stab: Sleeping          |       |     1 |     2 ||     3
Armor: Robe              |       |     4 |     3 ||     7
       Ring mail         |       |       |    18 ||    18
Dodge: Dodged            |     4 |    26 |    18 ||    48
Block: Other             |       |    12 |     9 ||    21
